 Dungeon Crawl Stone Soup version 0.29-a0-266-gf56f883ddd (webtiles) character file.

Game seed: 17239670019084557233

8022 sokol815 the Unseen (level 11, 0/57 HPs)
             Began as a Kobold Brigand on Mar 7, 2022.
             Was an Initiate of Uskayaw.
             Slain by a death yak (8 damage)
             ... on level 10 of the Dungeon.
             The game lasted 00:19:27 (9764 turns).

sokol815 the Unseen (Kobold Brigand)                Turns: 9764, Time: 00:19:27

Health: 0/57       AC: 10    Str: 10    XL:     11   Next: 48%
Magic:  17/17      EV: 12    Int: 12    God:    Uskayaw [......]
Gold:   629        SH:  0    Dex: 22    Spells: 10/10 levels left

rFire   + . .      SeeInvis .   a - +8 short sword of Peli {vorpal, Will+ Dex+2 Stlth+}
rCold   . . .      Faith    .   (no shield)
rNeg    . . .      Spirit   .   o - +1 ring mail "Jebrus" {Slay+6}
rPois   +          Reflect  .   G - +0 helmet
rElec   .          Harm     .   c - +0 cloak
rCorr   .          Rampage  .   (no gloves)
Will    +....                   f - +1 pair of boots
Stlth   ++++++++..              (no amulet)
HPRegen 0.19/turn               P - ring of poison resistance {rPois, !d}
MPRegen 0.15/turn               F - ring of protection from fire {rF+, !d}

@: no status effects
A: small, no large weapons, nightstalker 3
a: Renounce Religion


You were on level 10 of the Dungeon.
You worshipped Uskayaw.
Uskayaw was aware of your devotion.
You visited 2 branches of the dungeon, and saw 11 of its levels.

You collected 629 gold pieces.

Inventory:

Hand Weapons
 a - the +8 short sword of Peli (weapon) {vorpal, Will+ Dex+2 Stlth+}
   (You found it on level 3 of the Dungeon)

   It inflicts extra damage upon your enemies.
   Dex:       It affects your dexterity (+2).
   Will:      It increases your willpower.
   Stlth:     It makes you more stealthy.
 b - a +4 dagger of speed
   (You took it off a kobold on level 1 of the Dungeon)
 i - a +2 dagger of protection
   (You took it off a kobold on level 2 of the Dungeon)
 k - a +0 short sword
   (You took it off a kobold on level 1 of the Dungeon)
 l - a +2 dagger
 p - a +1 short sword of flaming
   (You found it on level 3 of the Dungeon)
 v - a +2 whip of flaming
   (You took it off Pikel on level 4 of the Dungeon)
 B - a +6 hand axe
   (You took it off a wight on level 7 of the Dungeon)
 C - a +5 flail of freezing
   (You took it off a wight on level 7 of the Dungeon)
Missiles
 d - 33 poisoned darts
 e - 4 curare-tipped darts
 s - 205 stones
 u - a throwing net {!d}
Armour
 c - a +0 cloak (worn)
 f - a +1 pair of boots (worn)
   (You found it on level 1 of the Dungeon)
 h - an orb of mayhem
   (You found it on level 9 of the Dungeon)
 n - the +2 leather armour of Pessimism {rC++}
   (You found it on level 9 of the Dungeon)

   rC:        It greatly protects you from cold.
 o - the +1 ring mail "Jebrus" (worn) {Slay+6}
   (You found it on level 3 of the Dungeon)

   Slay:      It affects your accuracy & damage with ranged weapons and melee
   (+6).
 r - +0 steam dragon scales
   (You took it off Maggie on level 6 of the Dungeon)
 G - a +0 helmet (worn)
   (You found it on level 8 of the Dungeon)
Jewellery
 w - a ring of positive energy {rN+}
   (You found it on level 10 of the Dungeon)
 z - a +6 ring of strength
   (You found it on level 8 of the Dungeon)
 F - a ring of protection from fire (right hand) {rF+, !d}
   (You found it on level 5 of the Dungeon)
 I - a +6 ring of intelligence
   (You found it on level 2 of the Dungeon)
 P - a ring of poison resistance (left hand) {rPois, !d}
   (You found it on level 7 of the Dungeon)
Wands
 j - a wand of polymorph (10)
   (You found it on level 6 of the Dungeon)
 q - a wand of flame (7)
   (You found it on level 9 of the Dungeon)
Scrolls
 t - a scroll of brand weapon {unknown}
 y - a scroll of acquirement {unknown}
 K - a scroll of immolation {!r}
 W - a scroll of holy word {!r}
 X - 3 scrolls of magic mapping {@r4!r}
 Y - a scroll of teleportation {@r3}
Potions
 g - 4 potions of curing {unknown}
 m - a potion of invisibility
 A - a potion of lignification {!q}
 D - a potion of degeneration {unknown}
 H - a potion of haste {unknown}
 L - 7 potions of flight
 M - a potion of might
 N - 3 potions of heal wounds {@q2}
 T - a potion of berserk rage {!q}


   Skills:
 - Level 2.1 Fighting
 + Level 14.9 Short Blades
 - Level 2.1 Throwing
 - Level 1.2 Dodging
 + Level 15.3 Stealth
 - Level 8.0 Invocations


You had 10 spell levels left.
You didn't know any spells.
Your spell library contained the following spells:

 Spells                   Type           Power      Damage    Failure   Level
 Pain                     Necr           0%         1d4       65%         1
 Agony                    Necr           0%         N/A       100%        5
 Excruciating Wounds      Necr           0%         N/A       100%        5


Dungeon Overview and Level Annotations

Branches:
Dungeon (10/15)            Temple (1/1) D:4            Lair (0/6) D:10
    Orc: D:9-12

Altars:
Ashenzari
Cheibriados
Dithmenos
Elyvilon
Fedhas
Gozag
Hepliaklqana
Kikubaaqudgha
Makhleb
Nemelex Xobeh
Okawaru
Qazlal
Ru
Sif Muna
Trog
Uskayaw
Vehumet
Wu Jian
Xom
Yredelemnul
Zin
The Shining One

Shops:
D:8 (

Annotations:
D:2 1 runed translucent door, Crazy Yiuf
D:3 Sigmund


Innate Abilities, Weirdness & Mutations

You are small and have problems with some larger weapons.
You are completely attuned to the shadows.


Message History

You take 1 damage, and have 56/57 hp.
You hit the centaur but do no damage.
The centaur hits you but does no damage.
The centaur barely misses you.
You puncture the centaur! The centaur hits you. The centaur barely misses you.
You take 1 damage, and have 55/57 hp.
You hit the centaur. You puncture the centaur!
You kill the centaur!
You can now pass through a line of other dancers.
Things that are here:
a +2 vorpal shortbow; a centaur corpse; Health restored: 57 You open the door.
You open the door.
There is an open door here.
Found a stormy altar of Qazlal and a blossoming altar of Fedhas.
Found a shimmering altar of Xom.
The altar is a mimic!
The altar mimic guffaws and vanishes in a puff of smoke!
Found a shimmering altar of Xom and a white marble altar of Elyvilon.
The altar is a mimic!
The altar mimic titters and vanishes in a puff of smoke!
Found a sparkling altar of Nemelex Xobeh.
Unknown command.
The altar is a mimic!
The altar mimic giggles and vanishes in a puff of smoke!
There is an open door here.
You open the door.
There is an open door here.
You now have 613 gold pieces (gained 23).
You open the door.
A yak comes into view.
There is an open door here.
The helpless yak fails to defend itself.
You stick the yak like a pincushion!!!!!
You kill the yak!
There is an open door here.
You open the door.
A troll comes into view.
There is an open door here.
The helpless troll fails to defend itself.
You stick the troll like a pincushion!!!!!
You kill the troll!
You see here a troll corpse.
You now have 629 gold pieces (gained 16).
You see here a troll corpse.
There is an open door here.
You open the door.
There is an open door here.
You open the door.
There is an open door here.
s - 205 stones (gained 30) 2 death yaks come into view.
Found a staircase to the Lair.
The death yak bellows!
You hear a bellow! x2; The death yak bellows!
The death yak attacks as you move away! The death yak gores you!!
You take 23 damage, and have 34/57 hp.
MASSIVE DAMAGE!!
You stomp with the beat, sending a shockwave through the revellers around you!
You can no longer stomp with the beat.
You now have 14/17 mp.
The death yak attacks as you move away! The death yak gores you!
You take 11 damage, and have 23/57 hp.
The death yak attacks as you move away! The death yak gores you!
* * * LOW HITPOINT WARNING * * *
The death yak snorts and paws the ground.
You take 9 damage, and have 14/57 hp.
The death yak snorts and paws the ground.
The death yak attacks as you move away! The death yak gores you.
* * * LOW HITPOINT WARNING * * *
You take 1 damage, and have 13/57 hp.
As you read the scroll of fear, it crumbles to dust.
You assume a fearsome visage.
The death yak resists with almost no effort. x2
The death yak closely misses you. The death yak attacks as you move away!
The death yak gores you.
* * * LOW HITPOINT WARNING * * *
You take 1 damage, and have 13/57 hp.
The death yak attacks as you move away!
The death yak gores you but does no damage.
The death yak attacks as you move away! The death yak completely misses you.
The death yak attacks as you move away! The death yak gores you!
* * * LOW HITPOINT WARNING * * *
You take 8 damage, and have 6/57 hp.
You feel much better.
N - 3 potions of heal wounds {@q2};
w - a ring of positive energy {rN+} The death yak closely misses you.
You regained 25 hp, and now have 31/57 hp.
The death yak attacks as you move away! The death yak gores you!
* * * LOW HITPOINT WARNING * * *
You take 13 damage, and have 18/57 hp.
MASSIVE DAMAGE!!
The death yak attacks as you move away! The death yak barely misses you.
MP restored: 17 The death yak attacks as you move away!
The death yak gores you!
* * * LOW HITPOINT WARNING * * *
You take 11 damage, and have 7/57 hp.
Found 16 gold pieces.
Found a stone staircase leading up.
The death yak attacks as you move away! The death yak gores you!
You die...

.................
.....####+#.......
.#./......#.......
..........#.......
.(.....#..#.......
..........###.....
....Y.......#.....
....Y.......#.....
....@>....###.....
<.................
$#...##....##.....
#........###.....
.........# #......
.[.. #......#
####......#
..........#
..........#


You could see 2 death yaks.

Vanquished Creatures
  A two-headed ogre (D:10)
  Pikel (D:4)
  Maggie (D:6)
  3 trolls
  Grinder (D:6)
  A hornet (D:9)
  Prince Ribbit (D:5)
  A wyvern (D:9)
  15 yaks
  A steam dragon (D:7)
  Edmund (D:6)
  A water moccasin (D:9)
  2 orc warriors (D:9)
  4 sky beasts
  An ogre (D:6)
  4 centaurs
  A phantom (D:4)
  Blork the orc (D:6)
  3 kobold brigands
  A bullfrog (D:8)
  4 scorpions
  5 wights (D:7)
  3 howler monkeys
  A hound (D:6)
  6 jellies
  7 orc priests
  A gnoll shaman (D:9)
  An iguana (D:5)
  7 orc wizards
  6 adders
  4 gnolls (D:9)
  A shadow imp (D:6)
  3 white imps
  4 dart slugs
  20 orcs
  6 ball pythons
  9 endoplasms
  A giant cockroach (D:2)
  4 goblins
  7 hobgoblins
  4 quokkas
  3 frilled lizards
  20 kobolds
  5 rats
177 creatures vanquished.

Vanquished Creatures (others)
  An orc (D:8)
1 creature vanquished.

Grand Total: 178 creatures vanquished

Notes
Turn   | Place    | Note
-------+----------+-------------------------------------------
     0 | D:1      | sokol815 the Kobold Brigand began the quest for the Orb.
     0 | D:1      | Reached XP level 1. HP: 12/12 MP: 1/1
   227 | D:1      | Reached skill level 3 in Short Blades
   227 | D:1      | Reached XP level 2. HP: 17/17 MP: 2/2
   714 | D:1      | Reached XP level 3. HP: 21/21 MP: 3/3
   919 | D:1      | Reached skill level 4 in Short Blades
  1484 | D:2      | Reached skill level 5 in Short Blades
  1484 | D:2      | Reached XP level 4. HP: 18/26 MP: 4/4
  1963 | D:2      | Found a runed translucent door.
  1966 | D:2      | Noticed Crazy Yiuf
  2490 | D:3      | Identified the +1 ring mail "Jebrus" {Slay+6}
  2534 | D:3      | Found a stormy altar of Qazlal.
  2553 | D:3      | Noticed Sigmund
  2785 | D:3      | Noticed a centaur
  2793 | D:3      | Killed a centaur
  2794 | D:3      | Reached skill level 6 in Short Blades
  2794 | D:3      | Reached XP level 5. HP: 30/30 MP: 5/5
  2796 | D:3      | Found a glowing golden altar of the Shining One.
  2879 | D:3      | Identified the +8 short sword of Peli {vorpal, Will+ Dex+2
                  | Stlth+}
  3028 | D:3      | Found a faded altar of an unknown god.
  3128 | D:3      | Found a sparkling altar of Nemelex Xobeh.
  3359 | D:4      | Noticed a phantom
  3367 | D:4      | Killed a phantom
  3368 | D:4      | Reached skill level 7 in Short Blades
  3368 | D:4      | Reached XP level 6. HP: 31/35 MP: 6/6
  3422 | D:4      | Found a blossoming altar of Fedhas.
  3427 | D:4      | Found a staircase to the Ecumenical Temple.
  3433 | Temple   | Entered the Ecumenical Temple
  3658 | Temple   | Became a worshipper of Uskayaw the Reveller
  3738 | D:4      | Reached * piety under Uskayaw
  3836 | D:4      | Reached ** piety under Uskayaw
  3837 | D:4      | Reached skill level 8 in Short Blades
  3922 | D:4      | Found an ornate altar of the Wu Jian Council.
  4034 | D:4      | Found a shadowy altar of Dithmenos.
  4234 | D:5      | Entered Level 5 of the Dungeon
  4235 | D:5      | Noticed Pikel
  4249 | D:4      | Reached *** piety under Uskayaw
  4250 | D:4      | Killed Pikel
  4251 | D:4      | Reached skill level 11 in Short Blades
  4251 | D:4      | Reached XP level 7. HP: 33/40 MP: 7/7
  4251 | D:4      | Reached XP level 8. HP: 36/44 MP: 8/8
  4398 | D:5      | Noticed Prince Ribbit
  4402 | D:5      | Killed Prince Ribbit
  4403 | D:5      | Reached skill level 12 in Short Blades
  4403 | D:5      | Reached skill level 6 in Stealth
  4423 | D:5      | Reached skill level 7 in Stealth
  4742 | D:5      | Reached skill level 8 in Stealth
  5736 | D:6      | Reached skill level 1 in Invocations
  5736 | D:6      | Reached XP level 9. HP: 48/48 MP: 9/9
  5737 | D:6      | Reached skill level 9 in Stealth
  5765 | D:6      | Noticed Grinder
  5774 | D:6      | Killed Grinder
  5775 | D:6      | Reached skill level 2 in Invocations
  5890 | D:6      | Noticed Edmund
  5894 | D:6      | Killed Edmund
  5895 | D:6      | Reached skill level 10 in Stealth
  5895 | D:6      | Reached skill level 3 in Invocations
  5958 | D:6      | Noticed Maggie
  5965 | D:6      | Killed Maggie
  5966 | D:6      | Reached skill level 4 in Invocations
  5967 | D:6      | Reached **** piety under Uskayaw
  5969 | D:6      | Reached ***** piety under Uskayaw
  6184 | D:6      | Reached skill level 11 in Stealth
  6273 | D:6      | Noticed a troll
  6276 | D:6      | Killed a troll
  6277 | D:6      | Reached skill level 5 in Invocations
  6504 | D:6      | Noticed Blork the orc
  6508 | D:6      | Killed Blork the orc
  6509 | D:6      | Reached skill level 12 in Stealth
  6805 | D:7      | Reached XP level 10. HP: 26/53 MP: 14/14
  6810 | D:7      | Reached skill level 6 in Invocations
  7118 | D:7      | Reached skill level 13 in Stealth
  7409 | D:7      | You fall into a shaft and drop 1 floor!
  7421 | D:8      | Reached skill level 13 in Short Blades
  7421 | D:8      | Reached skill level 7 in Invocations
  7691 | D:8      | Found an opulent altar of Gozag.
  7997 | D:8      | Found Qiymuiv's Weapon Shop.
  8239 | D:8      | Reached XP level 11. HP: 57/57 MP: 16/16
  8447 | D:9      | Reached skill level 14 in Stealth
  8447 | D:9      | Reached skill level 8 in Invocations
  8891 | D:9      | Reached skill level 14 in Short Blades
  8944 | D:9      | Identified the +2 leather armour of Pessimism {rC++}
  9454 | D:10     | Entered Level 10 of the Dungeon
  9486 | D:10     | Noticed a two-headed ogre
  9490 | D:10     | Killed a two-headed ogre
  9491 | D:10     | Reached skill level 15 in Stealth
  9561 | D:10     | Found a stormy altar of Qazlal.
  9561 | D:10     | Found a blossoming altar of Fedhas.
  9562 | D:10     | Found a shimmering altar of Xom.
  9565 | D:10     | Found a shimmering altar of Xom.
  9565 | D:10     | Found a white marble altar of Elyvilon.
  9566 | D:10     | Found a sparkling altar of Nemelex Xobeh.
  9733 | D:10     | Noticed a death yak
  9733 | D:10     | Noticed a death yak
  9735 | D:10     | Found a staircase to the Lair.
  9742 | D:10     | HP: 13/57 [death yak (10)]
  9748 | D:10     | HP: 13/57 [death yak (1)]
  9754 | D:10     | HP: 6/57 [death yak (8)]
  9762 | D:10     | HP: 7/57 [death yak (11)]
  9764 | D:10     | Slain by a death yak

Illustrated notes

Levels and vault maps discovered:
D:1:      ebering_trefoil_3fold, layout_basic
D:2:      layout_basic, uniq_crazy_yiuf_cottage
D:3:      layout_loops_cross, general_overflow_altar, amcnicky_altar_gilded,
          lemuel_round_altar, basic_ecumenical_altar, uniq_sigmund
D:4:      layout_rooms, pdpol_wu_jian_five_deadly_venoms,
          mainiacjoe_overflow_surrounded_room, lemuel_tele_altar,
          minmay_temple_entry_grid
D:5:      layout_layer_cave, uniq_prince_ribbit1, uniq_pikel
D:6:      layout_loops_ring, uniq_grinder, uniq_blork_the_orc, uniq_edmund,
          uniq_maggie
D:7:      layout_rooms, st_stairs_14
D:8:      layout_basic, grunt_gozag_statues, serial_shops, nicolae_shop_crystal,
          minmay_misc_feat_rows, nrook_campfire, amcnicky_mini_corridor_feature,
          lemuel_old_faithful
D:9:      layout_loops_ring
D:10:     kennysheep_six_static_rooms, layout_irregular_city,
          doesnt_xom_only_xom, dpeg_lair_monsters
Temple:   eino_temple_water

Skill      XL: |  1  2  3  4  5  6  7  8  9 10 11 |
---------------+----------------------------------+-----
Short Blades   | 3 5 6 7 11 12 13 14 | 14.9
Stealth        | 8 12 13 15 | 15.3
Invocations    | 1 5 7 8 |  8.0
Fighting       | |  2.1
Throwing       | |  2.1
Dodging        | |  1.2

Action                   |  1- 3 |  4- 6 |  7- 9 | 10-12 || total
-------------------------+-------+-------+-------+-------++-------
Melee: Dagger            |    94 |    31 |       |       ||   125
       Short sword       |       |    29 |    64 |   119 ||   212
       Punch             |       |       |     1 |       ||     1
Throw: Stone             |    37 |    26 |       |       ||    63
Invok: Line Pass         |       |       |       |     3 ||     3
       Stomp             |       |       |       |     2 ||     2
  Use: Scroll            |     6 |     1 |     2 |     8 ||    17
       Potion            |       |       |       |     1 ||     1
 Stab: Sleeping          |     7 |     9 |    23 |    34 ||    73
       Paralysed         |       |     1 |     1 |     9 ||    11
       Confused          |       |       |       |     4 ||     4
       Distracted        |       |       |       |     1 ||     1
Armor: Robe              |     5 |       |       |       ||     5
       Chain mail        |    14 |     4 |       |       ||    18
       Ring mail         |       |     9 |     4 |    13 ||    26
Dodge: Dodged            |    23 |    19 |    13 |    31 ||    86

Table legend: (Time is in decaauts)
 A = Elapsed time spent in this place.
 B = Non-inter-level travel time spent in this place.
 C = Inter-level travel time spent in this place.
 D = Time resting spent in this place.
 E = Time spent auto-exploring this place.
 F = Levels seen in this place.
 G = Mean time per level.
                   A        B        C        D        E       F      G
               +--------+--------+--------+--------+--------+-----+--------+
         Total |   9612 |   9380 |    232 |   1117 |   7215 |  11 |  873.8 |
       Dungeon |   9369 |   9186 |    183 |   1117 |   7037 |  10 |  936.9 |
        Temple |    242 |    193 |     49 |      0 |    178 |   1 |  242.0 |
               +--------+--------+--------+--------+--------+-----+--------+

Top non-repeatable levels by time:
     D:5: 1413 daAuts
     D:1: 1245 daAuts
     D:2: 1159 daAuts
     D:8: 1087 daAuts
     D:6: 981 daAuts
     D:9: 919 daAuts
     D:3: 891 daAuts
     D:4: 699 daAuts
     D:7: 667 daAuts
    D:10: 304 daAuts
  Temple: 242 daAuts

Table legend:
 A = Kills in this place as a percentage of kills in entire the game.
 B = Kills by you in this place as a percentage of kills by you in the entire game.
 C = Kills by friends in this place as a percentage of kills by friends in the entire game.
 D = Other kills in this place as a percentage of other kills in the entire game.
 E = Experience gained in this place as a percentage of experience gained in the entire game.
 F = Experience gained in this place divided by the number of levels of this place that you have seen.
                   A       B       C       D       E      F
               +-------+-------+-------+-------+-------+----------------------
         Total | 100.0 | 100.0 |   N/A |   N/A | 100.0 | 1041.9
       Dungeon | 100.0 | 100.0 |   N/A |   N/A | 100.0 | 1146.1
               +-------+-------+-------+-------+-------+----------------------
